%YAML 1.1
%TAG !u! tag:unity3d.com,2011:
--- !u!1 &1104404636395310547
GameObject:
  m_ObjectHideFlags: 0
  m_CorrespondingSourceObject: {fileID: 0}
  m_PrefabInstance: {fileID: 0}
  m_PrefabAsset: {fileID: 0}
  serializedVersion: 6
  m_Component:
  - component: {fileID: 1104404636395310546}
  m_Layer: 0
  m_Name: food1
  m_TagString: Untagged
  m_Icon: {fileID: 0}
  m_NavMeshLayer: 0
  m_StaticEditorFlags: 0
  m_IsActive: 1
--- !u!4 &1104404636395310546
Transform:
  m_ObjectHideFlags: 0
  m_CorrespondingSourceObject: {fileID: 0}
  m_PrefabInstance: {fileID: 0}
  m_PrefabAsset: {fileID: 0}
  m_GameObject: {fileID: 1104404636395310547}
  m_LocalRotation: {x: 0, y: 0.38268343, z: 0, w: 0.92387956}
  m_LocalPosition: {x: 0, y: 0, z: 0}
  m_LocalScale: {x: 1, y: 1, z: 1}
  m_Children:
  - {fileID: 4146786484239012059}
  - {fileID: 2511987599555104764}
  - {fileID: 4074367631327540857}
  - {fileID: 7431366068767211295}
  - {fileID: 5183979356485680145}
  m_Father: {fileID: 0}
  m_RootOrder: 0
  m_LocalEulerAnglesHint: {x: 0, y: 45, z: 0}
--- !u!1001 &1440935600844914432
PrefabInstance:
  m_ObjectHideFlags: 0
  serializedVersion: 2
  m_Modification:
    m_TransformParent: {fileID: 1104404636395310546}
    m_Modifications:
    - target: {fileID: 3131185423224899961, guid: 8571e388825072346a32f4cd81a8e272, type: 3}
      propertyPath: m_RootOrder
      value: 2
      objectReference: {fileID: 0}
    - target: {fileID: 3131185423224899961, guid: 8571e388825072346a32f4cd81a8e272, type: 3}
      propertyPath: m_LocalScale.x
      value: 0.74210924
      objectReference: {fileID: 0}
    - target: {fileID: 3131185423224899961, guid: 8571e388825072346a32f4cd81a8e272, type: 3}
      propertyPath: m_LocalScale.y
      value: 0.7421093
      objectReference: {fileID: 0}
    - target: {fileID: 3131185423224899961, guid: 8571e388825072346a32f4cd81a8e272, type: 3}
      propertyPath: m_LocalScale.z
      value: 0.74210924
      objectReference: {fileID: 0}
    - target: {fileID: 3131185423224899961, guid: 8571e388825072346a32f4cd81a8e272, type: 3}
      propertyPath: m_LocalPosition.x
      value: -1.12
      objectReference: {fileID: 0}
    - target: {fileID: 3131185423224899961, guid: 8571e388825072346a32f4cd81a8e272, type: 3}
      propertyPath: m_LocalPosition.y
      value: 0.02
      objectReference: {fileID: 0}
    - target: {fileID: 3131185423224899961, guid: 8571e388825072346a32f4cd81a8e272, type: 3}
      propertyPath: m_LocalPosition.z
      value: 2.13
      objectReference: {fileID: 0}
    - target: {fileID: 3131185423224899961, guid: 8571e388825072346a32f4cd81a8e272, type: 3}
      propertyPath: m_LocalRotation.w
      value: 0.08715588
      objectReference: {fileID: 0}
    - target: {fileID: 3131185423224899961, guid: 8571e388825072346a32f4cd81a8e272, type: 3}
      propertyPath: m_LocalRotation.x
      value: -0
      objectReference: {fileID: 0}
    - target: {fileID: 3131185423224899961, guid: 8571e388825072346a32f4cd81a8e272, type: 3}
      propertyPath: m_LocalRotation.y
      value: 0.9961947
      objectReference: {fileID: 0}
    - target: {fileID: 3131185423224899961, guid: 8571e388825072346a32f4cd81a8e272, type: 3}
      propertyPath: m_LocalRotation.z
      value: -0
      objectReference: {fileID: 0}
    - target: {fileID: 3131185423224899961, guid: 8571e388825072346a32f4cd81a8e272, type: 3}
      propertyPath: m_LocalEulerAnglesHint.x
      value: 0
      objectReference: {fileID: 0}
    - target: {fileID: 3131185423224899961, guid: 8571e388825072346a32f4cd81a8e272, type: 3}
      propertyPath: m_LocalEulerAnglesHint.y
      value: 170
      objectReference: {fileID: 0}
    - target: {fileID: 3131185423224899961, guid: 8571e388825072346a32f4cd81a8e272, type: 3}
      propertyPath: m_LocalEulerAnglesHint.z
      value: 0
      objectReference: {fileID: 0}
    - target: {fileID: 3131185423224899962, guid: 8571e388825072346a32f4cd81a8e272, type: 3}
      propertyPath: m_Name
      value: SODA4
      objectReference: {fileID: 0}
    m_RemovedComponents: []
  m_SourcePrefab: {fileID: 100100000, guid: 8571e388825072346a32f4cd81a8e272, type: 3}
--- !u!4 &4074367631327540857 stripped
Transform:
  m_CorrespondingSourceObject: {fileID: 3131185423224899961, guid: 8571e388825072346a32f4cd81a8e272, type: 3}
  m_PrefabInstance: {fileID: 1440935600844914432}
  m_PrefabAsset: {fileID: 0}
--- !u!1001 &1654711308611379839
PrefabInstance:
  m_ObjectHideFlags: 0
  serializedVersion: 2
  m_Modification:
    m_TransformParent: {fileID: 1104404636395310546}
    m_Modifications:
    - target: {fileID: 3759072212048506240, guid: feec33b9568e75348ad738963ecc04e2, type: 3}
      propertyPath: m_Name
      value: SODA2
      objectReference: {fileID: 0}
    - target: {fileID: 3759072212048506243, guid: feec33b9568e75348ad738963ecc04e2, type: 3}
      propertyPath: m_RootOrder
      value: 1
      objectReference: {fileID: 0}
    - target: {fileID: 3759072212048506243, guid: feec33b9568e75348ad738963ecc04e2, type: 3}
      propertyPath: m_LocalScale.x
      value: 0.74210936
      objectReference: {fileID: 0}
    - target: {fileID: 3759072212048506243, guid: feec33b9568e75348ad738963ecc04e2, type: 3}
      propertyPath: m_LocalScale.y
      value: 0.7421093
      objectReference: {fileID: 0}
    - target: {fileID: 3759072212048506243, guid: feec33b9568e75348ad738963ecc04e2, type: 3}
      propertyPath: m_LocalScale.z
      value: 0.74210936
      objectReference: {fileID: 0}
    - target: {fileID: 3759072212048506243, guid: feec33b9568e75348ad738963ecc04e2, type: 3}
      propertyPath: m_LocalPosition.x
      value: -0.21
      objectReference: {fileID: 0}
    - target: {fileID: 3759072212048506243, guid: feec33b9568e75348ad738963ecc04e2, type: 3}
      propertyPath: m_LocalPosition.y
      value: 0.02
      objectReference: {fileID: 0}
    - target: {fileID: 3759072212048506243, guid: feec33b9568e75348ad738963ecc04e2, type: 3}
      propertyPath: m_LocalPosition.z
      value: 0.14
      objectReference: {fileID: 0}
    - target: {fileID: 3759072212048506243, guid: feec33b9568e75348ad738963ecc04e2, type: 3}
      propertyPath: m_LocalRotation.w
      value: 0.7071068
      objectReference: {fileID: 0}
    - target: {fileID: 3759072212048506243, guid: feec33b9568e75348ad738963ecc04e2, type: 3}
      propertyPath: m_LocalRotation.x
      value: -0
      objectReference: {fileID: 0}
    - target: {fileID: 3759072212048506243, guid: feec33b9568e75348ad738963ecc04e2, type: 3}
      propertyPath: m_LocalRotation.y
      value: 0.70710677
      objectReference: {fileID: 0}
    - target: {fileID: 3759072212048506243, guid: feec33b9568e75348ad738963ecc04e2, type: 3}
      propertyPath: m_LocalRotation.z
      value: -0
      objectReference: {fileID: 0}
    - target: {fileID: 3759072212048506243, guid: feec33b9568e75348ad738963ecc04e2, type: 3}
      propertyPath: m_LocalEulerAnglesHint.x
      value: 0
      objectReference: {fileID: 0}
    - target: {fileID: 3759072212048506243, guid: feec33b9568e75348ad738963ecc04e2, type: 3}
      propertyPath: m_LocalEulerAnglesHint.y
      value: 90
      objectReference: {fileID: 0}
    - target: {fileID: 3759072212048506243, guid: feec33b9568e75348ad738963ecc04e2, type: 3}
      propertyPath: m_LocalEulerAnglesHint.z
      value: 0
      objectReference: {fileID: 0}
    m_RemovedComponents: []
  m_SourcePrefab: {fileID: 100100000, guid: feec33b9568e75348ad738963ecc04e2, type: 3}
--- !u!4 &2511987599555104764 stripped
Transform:
  m_CorrespondingSourceObject: {fileID: 3759072212048506243, guid: feec33b9568e75348ad738963ecc04e2, type: 3}
  m_PrefabInstance: {fileID: 1654711308611379839}
  m_PrefabAsset: {fileID: 0}
--- !u!1001 &4572862859652158096
PrefabInstance:
  m_ObjectHideFlags: 0
  serializedVersion: 2
  m_Modification:
    m_TransformParent: {fileID: 1104404636395310546}
    m_Modifications:
    - target: {fileID: 502796620586402376, guid: 61cf2088ae92e4f4886e525c9427e2d7, type: 3}
      propertyPath: m_Name
      value: SODA1
      objectReference: {fileID: 0}
    - target: {fileID: 502796620586402379, guid: 61cf2088ae92e4f4886e525c9427e2d7, type: 3}
      propertyPath: m_RootOrder
      value: 0
      objectReference: {fileID: 0}
    - target: {fileID: 502796620586402379, guid: 61cf2088ae92e4f4886e525c9427e2d7, type: 3}
      propertyPath: m_LocalScale.x
      value: 0.93586016
      objectReference: {fileID: 0}
    - target: {fileID: 502796620586402379, guid: 61cf2088ae92e4f4886e525c9427e2d7, type: 3}
      propertyPath: m_LocalScale.y
      value: 0.93586
      objectReference: {fileID: 0}
    - target: {fileID: 502796620586402379, guid: 61cf2088ae92e4f4886e525c9427e2d7, type: 3}
      propertyPath: m_LocalScale.z
      value: 0.93586016
      objectReference: {fileID: 0}
    - target: {fileID: 502796620586402379, guid: 61cf2088ae92e4f4886e525c9427e2d7, type: 3}
      propertyPath: m_LocalPosition.x
      value: -1.4999999
      objectReference: {fileID: 0}
    - target: {fileID: 502796620586402379, guid: 61cf2088ae92e4f4886e525c9427e2d7, type: 3}
      propertyPath: m_LocalPosition.y
      value: 0.02
      objectReference: {fileID: 0}
    - target: {fileID: 502796620586402379, guid: 61cf2088ae92e4f4886e525c9427e2d7, type: 3}
      propertyPath: m_LocalPosition.z
      value: -1.17
      objectReference: {fileID: 0}
    - target: {fileID: 502796620586402379, guid: 61cf2088ae92e4f4886e525c9427e2d7, type: 3}
      propertyPath: m_LocalRotation.w
      value: 0.9636303
      objectReference: {fileID: 0}
    - target: {fileID: 502796620586402379, guid: 61cf2088ae92e4f4886e525c9427e2d7, type: 3}
      propertyPath: m_LocalRotation.x
      value: -0
      objectReference: {fileID: 0}
    - target: {fileID: 502796620586402379, guid: 61cf2088ae92e4f4886e525c9427e2d7, type: 3}
      propertyPath: m_LocalRotation.y
      value: 0.26723903
      objectReference: {fileID: 0}
    - target: {fileID: 502796620586402379, guid: 61cf2088ae92e4f4886e525c9427e2d7, type: 3}
      propertyPath: m_LocalRotation.z
      value: -0
      objectReference: {fileID: 0}
    - target: {fileID: 502796620586402379, guid: 61cf2088ae92e4f4886e525c9427e2d7, type: 3}
      propertyPath: m_LocalEulerAnglesHint.x
      value: 0
      objectReference: {fileID: 0}
    - target: {fileID: 502796620586402379, guid: 61cf2088ae92e4f4886e525c9427e2d7, type: 3}
      propertyPath: m_LocalEulerAnglesHint.y
      value: -689
      objectReference: {fileID: 0}
    - target: {fileID: 502796620586402379, guid: 61cf2088ae92e4f4886e525c9427e2d7, type: 3}
      propertyPath: m_LocalEulerAnglesHint.z
      value: 0
      objectReference: {fileID: 0}
    m_RemovedComponents: []
  m_SourcePrefab: {fileID: 100100000, guid: 61cf2088ae92e4f4886e525c9427e2d7, type: 3}
--- !u!4 &4146786484239012059 stripped
Transform:
  m_CorrespondingSourceObject: {fileID: 502796620586402379, guid: 61cf2088ae92e4f4886e525c9427e2d7, type: 3}
  m_PrefabInstance: {fileID: 4572862859652158096}
  m_PrefabAsset: {fileID: 0}
--- !u!1001 &7051457024807370068
PrefabInstance:
  m_ObjectHideFlags: 0
  serializedVersion: 2
  m_Modification:
    m_TransformParent: {fileID: 1104404636395310546}
    m_Modifications:
    - target: {fileID: 502796620586402376, guid: 61cf2088ae92e4f4886e525c9427e2d7, type: 3}
      propertyPath: m_Name
      value: SODA1 (1)
      objectReference: {fileID: 0}
    - target: {fileID: 502796620586402379, guid: 61cf2088ae92e4f4886e525c9427e2d7, type: 3}
      propertyPath: m_RootOrder
      value: 3
      objectReference: {fileID: 0}
    - target: {fileID: 502796620586402379, guid: 61cf2088ae92e4f4886e525c9427e2d7, type: 3}
      propertyPath: m_LocalScale.x
      value: 0.93586016
      objectReference: {fileID: 0}
    - target: {fileID: 502796620586402379, guid: 61cf2088ae92e4f4886e525c9427e2d7, type: 3}
      propertyPath: m_LocalScale.y
      value: 0.93586
      objectReference: {fileID: 0}
    - target: {fileID: 502796620586402379, guid: 61cf2088ae92e4f4886e525c9427e2d7, type: 3}
      propertyPath: m_LocalScale.z
      value: 0.93586016
      objectReference: {fileID: 0}
    - target: {fileID: 502796620586402379, guid: 61cf2088ae92e4f4886e525c9427e2d7, type: 3}
      propertyPath: m_LocalPosition.x
      value: 0.34
      objectReference: {fileID: 0}
    - target: {fileID: 502796620586402379, guid: 61cf2088ae92e4f4886e525c9427e2d7, type: 3}
      propertyPath: m_LocalPosition.y
      value: 0.02
      objectReference: {fileID: 0}
    - target: {fileID: 502796620586402379, guid: 61cf2088ae92e4f4886e525c9427e2d7, type: 3}
      propertyPath: m_LocalPosition.z
      value: -1.91
      objectReference: {fileID: 0}
    - target: {fileID: 502796620586402379, guid: 61cf2088ae92e4f4886e525c9427e2d7, type: 3}
      propertyPath: m_LocalRotation.w
      value: 0.9636303
      objectReference: {fileID: 0}
    - target: {fileID: 502796620586402379, guid: 61cf2088ae92e4f4886e525c9427e2d7, type: 3}
      propertyPath: m_LocalRotation.x
      value: -0
      objectReference: {fileID: 0}
    - target: {fileID: 502796620586402379, guid: 61cf2088ae92e4f4886e525c9427e2d7, type: 3}
      propertyPath: m_LocalRotation.y
      value: 0.26723903
      objectReference: {fileID: 0}
    - target: {fileID: 502796620586402379, guid: 61cf2088ae92e4f4886e525c9427e2d7, type: 3}
      propertyPath: m_LocalRotation.z
      value: -0
      objectReference: {fileID: 0}
    - target: {fileID: 502796620586402379, guid: 61cf2088ae92e4f4886e525c9427e2d7, type: 3}
      propertyPath: m_LocalEulerAnglesHint.x
      value: 0
      objectReference: {fileID: 0}
    - target: {fileID: 502796620586402379, guid: 61cf2088ae92e4f4886e525c9427e2d7, type: 3}
      propertyPath: m_LocalEulerAnglesHint.y
      value: -689
      objectReference: {fileID: 0}
    - target: {fileID: 502796620586402379, guid: 61cf2088ae92e4f4886e525c9427e2d7, type: 3}
      propertyPath: m_LocalEulerAnglesHint.z
      value: 0
      objectReference: {fileID: 0}
    m_RemovedComponents: []
  m_SourcePrefab: {fileID: 100100000, guid: 61cf2088ae92e4f4886e525c9427e2d7, type: 3}
--- !u!4 &7431366068767211295 stripped
Transform:
  m_CorrespondingSourceObject: {fileID: 502796620586402379, guid: 61cf2088ae92e4f4886e525c9427e2d7, type: 3}
  m_PrefabInstance: {fileID: 7051457024807370068}
  m_PrefabAsset: {fileID: 0}
--- !u!1001 &7819662165924312424
PrefabInstance:
  m_ObjectHideFlags: 0
  serializedVersion: 2
  m_Modification:
    m_TransformParent: {fileID: 1104404636395310546}
    m_Modifications:
    - target: {fileID: 3131185423224899961, guid: 8571e388825072346a32f4cd81a8e272, type: 3}
      propertyPath: m_RootOrder
      value: 4
      objectReference: {fileID: 0}
    - target: {fileID: 3131185423224899961, guid: 8571e388825072346a32f4cd81a8e272, type: 3}
      propertyPath: m_LocalScale.x
      value: 0.74210924
      objectReference: {fileID: 0}
    - target: {fileID: 3131185423224899961, guid: 8571e388825072346a32f4cd81a8e272, type: 3}
      propertyPath: m_LocalScale.y
      value: 0.7421093
      objectReference: {fileID: 0}
    - target: {fileID: 3131185423224899961, guid: 8571e388825072346a32f4cd81a8e272, type: 3}
      propertyPath: m_LocalScale.z
      value: 0.74210924
      objectReference: {fileID: 0}
    - target: {fileID: 3131185423224899961, guid: 8571e388825072346a32f4cd81a8e272, type: 3}
      propertyPath: m_LocalPosition.x
      value: 1.21
      objectReference: {fileID: 0}
    - target: {fileID: 3131185423224899961, guid: 8571e388825072346a32f4cd81a8e272, type: 3}
      propertyPath: m_LocalPosition.y
      value: 0.02
      objectReference: {fileID: 0}
    - target: {fileID: 3131185423224899961, guid: 8571e388825072346a32f4cd81a8e272, type: 3}
      propertyPath: m_LocalPosition.z
      value: -0.03
      objectReference: {fileID: 0}
    - target: {fileID: 3131185423224899961, guid: 8571e388825072346a32f4cd81a8e272, type: 3}
      propertyPath: m_LocalRotation.w
      value: 0.08715588
      objectReference: {fileID: 0}
    - target: {fileID: 3131185423224899961, guid: 8571e388825072346a32f4cd81a8e272, type: 3}
      propertyPath: m_LocalRotation.x
      value: -0
      objectReference: {fileID: 0}
    - target: {fileID: 3131185423224899961, guid: 8571e388825072346a32f4cd81a8e272, type: 3}
      propertyPath: m_LocalRotation.y
      value: 0.9961947
      objectReference: {fileID: 0}
    - target: {fileID: 3131185423224899961, guid: 8571e388825072346a32f4cd81a8e272, type: 3}
      propertyPath: m_LocalRotation.z
      value: -0
      objectReference: {fileID: 0}
    - target: {fileID: 3131185423224899961, guid: 8571e388825072346a32f4cd81a8e272, type: 3}
      propertyPath: m_LocalEulerAnglesHint.x
      value: 0
      objectReference: {fileID: 0}
    - target: {fileID: 3131185423224899961, guid: 8571e388825072346a32f4cd81a8e272, type: 3}
      propertyPath: m_LocalEulerAnglesHint.y
      value: 170
      objectReference: {fileID: 0}
    - target: {fileID: 3131185423224899961, guid: 8571e388825072346a32f4cd81a8e272, type: 3}
      propertyPath: m_LocalEulerAnglesHint.z
      value: 0
      objectReference: {fileID: 0}
    - target: {fileID: 3131185423224899962, guid: 8571e388825072346a32f4cd81a8e272, type: 3}
      propertyPath: m_Name
      value: SODA4 (1)
      objectReference: {fileID: 0}
    m_RemovedComponents: []
  m_SourcePrefab: {fileID: 100100000, guid: 8571e388825072346a32f4cd81a8e272, type: 3}
--- !u!4 &5183979356485680145 stripped
Transform:
  m_CorrespondingSourceObject: {fileID: 3131185423224899961, guid: 8571e388825072346a32f4cd81a8e272, type: 3}
  m_PrefabInstance: {fileID: 7819662165924312424}
  m_PrefabAsset: {fileID: 0}
